 Dungeon Crawl Stone Soup version 0.28.0-53-g5a82cb258f (webtiles) character file.

Game seed: 12838614731456770020

5911 selky the Severer (level 10, -10/82 HPs)
             Began as a Deep Dwarf Fighter on July 1, 2022.
             Was an Initiate of Makhleb.
             Mangled by an ettin
             ... wielding a +0 dire flail
              (29 damage)
             ... on level 2 of the Orcish Mines.
             The game lasted 00:12:53 (7007 turns).

selky the Severer (Deep Dwarf Fighter)              Turns: 7007, Time: 00:12:54

Health: -10/82     AC: 14    Str: 26    XL:     10   Next: 53%
Magic:  3/3        EV:  7    Int:  7    God:    Makhleb [......]
Gold:   575        SH:  0    Dex: 12    Spells: 9/9 levels left

rFire   . . .      SeeInvis .   E - +0 battleaxe
rCold   . . .      Faith    .   (shield currently unavailable)
rNeg    . . .      Spirit   .   D - +0 plate armour
rPois   .          Reflect  .   z - +0 helmet
rElec   .          Harm     .   b - +0 cloak
rCorr   .          Rampage  .   (no gloves)
Will    +....                   v - +0 pair of boots
Stlth   ..........              (no amulet)
HPRegen 0.00/turn               (no ring)
MPRegen 0.08/turn               (no ring)

@: no status effects
A: damage resistance, heal wounds, sense surroundings 2, no regeneration, talons
1, dopey 1, strong 1
a: Heal Wounds, Renounce Religion


You were on level 2 of the Orcish Mines.
You worshipped Makhleb.
Makhleb was noncommittal.
You visited 3 branches of the dungeon, and saw 13 of its levels.
You also visited: Ossuary.

You collected 575 gold pieces.

Inventory:

Hand Weapons
 a - a +0 war axe
 w - a +0 falchion of holy wrath
 E - a +0 battleaxe (weapon)
Missiles
 m - 4 throwing nets
Armour
 b - a +0 cloak (worn)
 p - the +4 ring mail "Xolesy Tecs" {Int+7 Dex+2}
   (You found it on level 4 of the Dungeon)

   Int:       It affects your intelligence (+7).
   Dex:       It affects your dexterity (+2).
 v - a +0 pair of boots (worn)
 z - a +0 helmet (worn)
 D - a +0 plate armour (worn)
Jewellery
 d - an amulet of faith
 h - a ring of ice
 t - a ring of protection from cold
 y - a +4 ring of protection
Wands
 q - a wand of charming (13)
 x - a wand of acid (5)
 A - a wand of iceblast (20)
 B - a wand of polymorph (10)
Scrolls
 c - a scroll of blinking {unknown}
 f - 6 scrolls of identify {unknown}
 g - a scroll of holy word {unknown}
 j - 2 scrolls of brand weapon {unknown}
 k - 2 scrolls of fear {unknown}
 n - 2 scrolls of fog {unknown}
 o - 2 scrolls of teleportation {unknown}
 r - a scroll of acquirement {unknown}
 u - 2 scrolls of immolation {unknown}
 C - a scroll of noise {unknown}
 F - a scroll of amnesia {unknown}
Potions
 e - a potion of attraction
 i - a potion of brilliance
 l - a potion of flight {unknown}
 s - 5 potions of curing


   Skills:
 - Level 2.9 Fighting
 + Level 16.9 Axes
 - Level 3.3 Armour
 - Level 3.4 Shields


You had 9 spell levels left.
You didn't know any spells.
Your spell library contained the following spells:

 Spells                   Type           Power      Damage    Failure   Level
 Magic Dart               Conj           0%         1d3       100%        1
 Call Imp                 Summ           0%         N/A       100%        2
 Ensorcelled Hibernation  Hex/Ice        0%         N/A       100%        2
 Mephitic Cloud           Conj/Pois/Air  0%         N/A       100%        3
 Spider Form              Tmut/Pois      0%         N/A       100%        3
 Anguish                  Hex/Necr       0%         N/A       100%        4


Dungeon Overview and Level Annotations

Branches:
Dungeon (10/15)            Temple (1/1) D:7             Orc (1/2) D:9
Ossuary (visited)
   Lair: D:8-11

Altars:
Ashenzari
Cheibriados
Dithmenos
Elyvilon
Gozag
Hepliaklqana
Kikubaaqudgha
Makhleb
Nemelex Xobeh
Okawaru
Qazlal
Ru
Sif Muna
Trog
Uskayaw
Vehumet
Wu Jian
Xom
Yredelemnul
Zin
The Shining One

Shops:
D:10 [

Annotations:
D:3 2 runed translucent doors, unlimited1921's ghost, amateur GnCA
D:9 1 runed translucent door, DocClef's ghost, novice MiFi


Innate Abilities, Weirdness & Mutations

You are resistant to damage.
You can heal yourself by infusing magical energy.
You passively map the area around you.
You do not regenerate.
You have sharp toenails.
You are dopey. (Int -2)
Your muscles are strong. (Str +2)


Message History

You kill the orc wizard!
Makhleb accepts your kill.
You hit the orc warrior but do no damage.
You hear a shout!
The warg bites you! The orc warrior barely misses you.
The cyclops throws a large rock.
The large rock barely misses you. The warg barely misses you.
You closely miss something. You barely miss the warg. You closely miss the orc.
You slash the orc warrior! Something hits you but does no damage.
The orc warrior hits you with a +0 halberd.
The orc hits you but does no damage. The warg bites you!
You miss something. You barely miss the orc warrior. You slice the orc!!
You kill the orc!
Makhleb accepts your kill.
You hit the warg. Something hits you but does no damage.
The orc warrior hits you with a +0 halberd!
The warg bites you but does no damage.
Unknown command.
You miss something. You barely miss the orc warrior. You hit the ettin.
You slice the warg!! Something hits you but does no damage.
The warg closely misses you. The orc warrior closely misses you.
The ettin hits you with a +0 dire flail!
The ettin hits you with a +0 dire flail!!
You barely miss something. You slash the warg!
You kill the warg!
Makhleb accepts your kill.
You slash the ettin! You hit the orc warrior.
An orc priest comes into view. It is wielding a +0 hand axe.
Something hits you.
The orc warrior hits you but does no damage.
You slash something! You miss something. You slash the ettin!
You closely miss the orc warrior.
The ettin hits you with a +0 dire flail.
The ettin hits you with a +0 dire flail!
Something hits you but does no damage. x2
You miss something. x2; You slash the ettin!
You closely miss the orc warrior.
The orc warrior hits you with a +0 halberd!
* * * LOW HITPOINT WARNING * * *
The ettin hits you with a +0 dire flail!!
You die...

...................... ,
........................
,
..................$.....
,
,.o......................
, , ,
....................^...
...........C............
,
.$......................
,
.....o.oC...............
*, .#.##@{.#....#..#..#..
* * * ############# ##


You could see an ettin, a cyclops, 2 orc warriors and an orc priest.

Vanquished Creatures
  Harold (D:9)
  Pikel (D:5)
  An ugly thing (D:8)
  A hornet (D:8)
  3 yaks
  2 steam dragons
  A warg (Orc:2)
  6 orc warriors
  An ogre (D:7)
  A sky beast (D:6)
  A black bear (D:6)
  A centaur (D:9)
  A kobold brigand (D:7)
  A wyvern zombie (D:7)
  2 water moccasin zombies (D:6)
  A water moccasin skeleton (D:5)
  16 killer bees
  10 wights
  A howler monkey (D:5)
  A centaur zombie (D:5)
  A hound (D:4)
  3 jellies
  A bullfrog skeleton (D:6)
  9 orc priests
  A centaur skeleton (D:3)
  12 orc wizards
  2 mummies (Ossuary)
  A howler monkey skeleton (D:7)
  7 adders
  2 ufetubi
  4 adder zombies (Ossuary)
  2 adder skeletons (D:4)
  2 worms
  2 dart slugs
  53 orcs
  9 ball pythons
  6 endoplasms
  3 giant cockroaches
  8 goblins
  9 hobgoblins
  3 jackals (D:2)
  3 quokkas
  6 bats
  2 frilled lizards
  A gnoll zombie (Ossuary)
  6 hobgoblin zombies (Ossuary)
  12 kobolds
  4 kobold zombies (Ossuary)
  8 orc zombies (Ossuary)
  5 rats
240 creatures vanquished.

Vanquished Creatures (others)
  A plant (D:4)
1 creature vanquished.

Grand Total: 241 creatures vanquished

Notes
Turn   | Place    | Note
-------+----------+-------------------------------------------
     0 | D:1      | selky the Deep Dwarf Fighter began the quest for the Orb.
     0 | D:1      | Reached XP level 1. HP: 20/20 MP: 1/1
   203 | D:1      | Reached XP level 2. HP: 21/27 MP: 2/2
   409 | D:1      | Reached skill level 3 in Axes
   618 | D:2      | Reached XP level 3. HP: 21/33 MP: 3/3
   693 | D:2      | Reached skill level 4 in Axes
   712 | D:2      | Found a faded altar of an unknown god.
  1063 | D:2      | Reached XP level 4. HP: 39/40 MP: 4/4
  1554 | D:3      | Reached skill level 5 in Axes
  1616 | D:3      | Found a sparkling altar of Nemelex Xobeh.
  1872 | D:3      | Found a large runed translucent door.
  1872 | D:3      | Found a large runed translucent door.
  1874 | D:3      | Noticed unlimited1921's ghost (amateur GnCA)
  2082 | D:3      | Reached XP level 5. HP: 26/48 MP: 5/5
  2115 | D:4      | Found a hazy altar of Hepliaklqana.
  2182 | D:4      | Identified the +4 ring mail "Xolesy Tecs" {Int+7 Dex+2}
  2207 | D:4      | Reached skill level 6 in Axes
  2592 | D:4      | Found a sand-covered staircase.
  2667 | Ossuary  | Entered an ossuary
  2792 | Ossuary  | Reached XP level 6. HP: 53/55 MP: 5/5
  2868 | D:5      | Entered Level 5 of the Dungeon
  2973 | D:5      | Noticed Pikel
  2991 | D:5      | Killed Pikel
  2992 | D:5      | Reached skill level 9 in Axes
  2992 | D:5      | Reached XP level 7. HP: 36/61 MP: 6/6
  3474 | D:5      | Reached skill level 10 in Axes
  3559 | D:5      | Reached XP level 8. HP: 53/67 MP: 7/7
  3712 | D:6      | HP: 2/68 [killer bee (7)]
  3873 | D:6      | Reached skill level 11 in Axes
  4076 | D:6      | Identified the +0 glaive "Tattletale" {vorpal, Str+7 Dex-4
                  | SInv}
  4089 | D:6      | Reached skill level 12 in Axes
  4222 | D:6      | Gained mutation: You passively map the area around you.
                  | [Deep Dwarf growth]
  4222 | D:6      | Reached XP level 9. HP: 65/74 MP: 8/8
  4418 | D:7      | Reached skill level 13 in Axes
  4458 | D:7      | Gained mutation: You have a pair of small antennae on your
                  | head. [potion of mutation]
  4458 | D:7      | Gained mutation: You have sharp toenails. [potion of
                  | mutation]
  4458 | D:7      | Gained mutation: Your muscles are strong. (Str +2) [potion
                  | of mutation]
  4458 | D:7      | Gained mutation: You have hidden genetic potential. [potion
                  | of mutation]
  4469 | D:7      | Found a staircase to the Ecumenical Temple.
  4572 | D:7      | Lost mutation: You have hidden genetic potential. [potion
                  | of mutation]
  4572 | D:7      | Lost mutation: You have a pair of small antennae on your
                  | head. [potion of mutation]
  4572 | D:7      | Gained mutation: You are dopey. (Int -2) [potion of
                  | mutation]
  4718 | D:7      | You fall into a shaft and drop 1 floor!
  4777 | D:8      | Paralysed by a hornet for 3 turns
  4786 | D:8      | Paralysed by a hornet for 1 turns
  4791 | D:8      | Paralysed by a hornet for 3 turns
  4873 | D:8      | Reached skill level 14 in Axes
  5082 | D:8      | Noticed a brown ugly thing
  5094 | D:8      | Killed a brown ugly thing
  5095 | D:8      | Reached skill level 15 in Axes
  5406 | D:9      | Reached XP level 10. HP: 62/82 MP: 4/4
  5449 | D:9      | Found a shimmering altar of Xom.
  5449 | D:9      | Noticed DocClef's ghost (novice MiFi)
  5449 | D:9      | Noticed a +2 hand axe of chaos
  5450 | D:9      | Found a runed translucent door.
  5623 | D:9      | Found a staircase to the Orcish Mines.
  5738 | D:9      | Noticed Harold
  5763 | D:9      | Killed Harold
  5764 | D:9      | Reached skill level 16 in Axes
  6335 | Temple   | Entered the Ecumenical Temple
  6554 | Temple   | Became a worshipper of Makhleb the Destroyer
  6670 | D:10     | Entered Level 10 of the Dungeon
  6698 | D:10     | Found Mimit's Armour Boutique.
  6988 | Orc:1    | Entered Level 1 of the Orcish Mines
  6989 | Orc:1    | You fall into a shaft and drop 1 floor!
  6989 | Orc:2    | Entered Level 2 of the Orcish Mines
  6989 | Orc:2    | Noticed a cyclops
  6989 | Orc:2    | Noticed an ettin
  7007 | Orc:2    | Mangled by an ettin

Illustrated notes

Levels and vault maps discovered:
D:1:      scummos_arrival_forest, layout_loops_ring
D:2:      layout_basic, nicolae_ecumenical_snake_handling,
          kennysheep_generic_room_16
D:3:      layout_rooms, nemelex_spade_bored_becter, ebering_ghost_disaster_area
D:4:      layout_rooms, nicolae_hepliaklqana_hazy_memory,
          nicolae_ossuary_entry_false_entrances
D:5:      layout_loops_ring, uniq_pikel
D:6:      layout_rooms
D:7:      layout_basic, minmay_temple_entry_nine_rooms, gammafunk_ghost_hive,
          nicolae_shop_overcharged_wands
D:8:      layout_loops_cross
D:9:      layout_cave_pools, hiddenorc2_lemuel, ebering_ghost_xom, uniq_harold
D:10:     layout_cave_pools, mainiacjoe_overflow_chevrons, erik_lair_island,
          serial_shops, nicolae_shop_waterfront
Temple:   mainiacjoe_temple_bowtie_tessellation
Orc:1:    layout_caves, statue_in_the_mist_lemuel
Orc:2:    st_orc_elflike, layout_diamond_mine, basic_altar

Skill      XL: |  1  2  3  4  5  6  7  8  9 10 |
---------------+-------------------------------+-----
Axes           | 3 4 5 6 9 10 12 15 16 | 16.9
Fighting       | |  2.9
Armour         | |  3.3
Shields        | |  3.4

Action                   |  1- 3 |  4- 6 |  7- 9 | 10-12 || total
-------------------------+-------+-------+-------+-------++-------
Melee: War axe           |   126 |   185 |   340 |    98 ||   749
       Punch             |     1 |     2 |     7 |       ||    10
       Battleaxe         |       |       |       |   112 ||   112
 Abil: Heal Wounds       |     1 |     5 |    22 |    10 ||    38
  Use: Potion            |       |     1 |    10 |     3 ||    14
Armor: Scale mail        |    73 |    39 |       |       ||   112
       Ring mail         |       |    35 |   109 |       ||   144
       Plate armour      |       |       |    65 |   151 ||   216
Dodge: Dodged            |    80 |   107 |   161 |    85 ||   433
Block: Buckler           |     1 |       |       |       ||     1
